Admirals vs Pirates

Created - Friday, November 28, 2014 at 23:53

Goals
1 2 3 T
Admirals 0 0 0 0
Pirates 0 1 0 1
Shots
1 2 3 T
Admirals 6 8 3 17
Pirates 3 9 5 17

1st period

No Goal

Penalties :
Darryl Boyce (NOR) for Boarding (Minor) at 6:36, Andrew Alberts (POR) for Interference (Minor) at 12:20

2nd period

1. Pirates , Mike Komisarek 2 (Peter Holland, Gilbert Brule) at 13:30

Penalties :
Gilbert Brule (POR) for Holding (Minor) at 2:36, Jean-Gabriel Pageau (NOR) for Hooking (Minor) at 9:50, Ryan Stoa (POR) for Hooking (Minor) at 19:26

3rd period

No Goal

Penalties :
Andrew Alberts (POR) for Hooking (Minor) at 11:03

Goalie Stats

David LeNeveu (NOR), 16 saves from 17 shots - (0.941), L, 5-4-0, 58:41 minutes
Brad Thiessen (NOR), 0 saves from 0 shots - (0.000), 0:20 minutes
Malcolm Subban (POR), 17 saves from 17 shots - (1.000), W, 7-2-10, 60:00 minutes

Players Stats for Admirals

Player Name              G  A  P  +/- PIM S  H  SB GA TA FO     MP     PP MP  PK MP  
------------------------------------------------------------------------------------
Alex Grant               0  0  0  -1  0   0  2  3  0  1  0/0    28:27   4:33   1:53 
Brayden Irwin            0  0  0   0  0   0  0  0  0  0  0/0     0:00   0:00   0:00 
Bryan Rodney             0  0  0  -1  0   0  2  0  0  2  0/0    25:52   4:33   2:04 
Cade Fairchild           0  0  0   0  0   2  3  0  0  0  0/0    24:15   3:23   1:54 
Carter Ashton            0  0  0  -1  0   2  0  0  2  0  0/1    16:41   3:21   0:00 
Carter Camper            0  0  0   0  0   2  1  1  1  1  4/10   23:16   2:59   1:36 
Darryl Boyce             0  0  0   0  2   0  2  0  3  1  0/0    17:44   1:06   0:00 
Farm Player2             0  0  0   0  0   0  0  0  0  0  0/3    18:19   0:38   1:45 
Jean-Gabriel Pageau      0  0  0  -1  2   4  1  0  3  1  1/5    20:13   3:59   0:28 
Jonathan Marchessault    0  0  0   0  0   3  5  0  3  2  0/3    23:34   3:57   1:35 
Keith Aucoin             0  0  0   0  0   2  1  0  0  2  1/1    18:13   4:35   0:00 
Maxime Langelier-Parent  0  0  0   0  0   0  0  0  0  0  0/0     0:00   0:00   0:00 
Mike Sislo               0  0  0   0  0   2  0  0  0  0  0/0    15:44   0:00   0:00 
Mike Zigomanis           0  0  0  -1  0   0  2  0  4  1  3/10   19:29   3:00   0:46 
Nathan McIver            0  0  0   0  0   0  0  0  0  0  0/0     3:46   0:00   0:00 
Ryan Bourque             0  0  0   0  0   0  2  0  0  1  4/8    15:06   0:13   1:57 
Scott Ford               0  0  0   0  0   0  1  0  0  1  0/0    23:53   3:23   1:54 
Sven Andrighetto         0  0  0   0  0   0  0  0  0  0  0/0     1:23   0:00   0:00 

Players Stats for Pirates

Player Name              G  A  P  +/- PIM S  H  SB GA TA FO     MP     PP MP  PK MP  
------------------------------------------------------------------------------------
Aaron Rome               0  0  0   0  0   0  1  1  0  1  0/0    21:37   1:59   3:24 
Andrew Alberts           0  0  0   0  4   0  1  1  0  3  0/0    20:20   1:59   1:31 
Arron Asham              0  0  0   0  0   1  0  0  0  0  0/0     6:21   0:00   1:58 
Bobby Butler             0  0  0   0  0   0  2  0  3  0  6/7    23:45   1:46   5:28 
Brandon Segal            0  0  0   0  0   3  2  1  2  1  1/2    19:33   2:12   0:38 
Dan Kelly                0  0  0   0  0   0  0  0  0  0  0/0     0:00   0:00   0:00 
Eric Tangradi            0  0  0   0  0   2  3  0  4  0  0/0    18:02   2:09   0:00 
Gilbert Brule            0  1  1   1  2   2  0  2  4  0  5/8    21:47   1:46   3:41 
Greg Rallo               0  0  0   0  0   0  0  0  0  0  0/0     0:00   0:00   0:00 
Hal Gill                 0  0  0   1  0   2  0  0  1  2  0/0    23:35   1:59   4:32 
Henrik Tommernes         0  0  0   0  0   0  2  0  0  0  0/0    14:47   0:00   0:00 
Markus Granlund          0  0  0   0  0   1  7  0  2  2  3/5    20:59   1:46   0:38 
Mike Komisarek           1  0  1   1  0   1  0  1  0  2  0/0    23:35   1:59   4:32 
Nick Johnson             0  0  0   0  0   0  0  0  1  0  3/3    14:44   2:12   0:00 
Peter Holland            0  1  1   1  0   2  1  0  1  0  4/6    14:36   0:03   0:52 
Ryan Stoa                0  0  0   1  2   2  0  0  0  0  0/0    15:24   0:00   2:37 
Tobias Rieder            0  0  0   0  0   1  2  0  1  0  6/10   16:10   0:00   0:00 
Vincent LoVerde          0  0  0   0  0   0  0  1  1  0  0/0    16:40   0:00   1:53 

3 Stars

1 - Malcolm Subban (POR)
2 - Mike Komisarek (POR)
3 - David LeNeveu (NOR)

Power Play

Admirals - 0 on 4 Attempt(s) - 0.00%
Pirates - 0 on 2 Attempt(s) - 0.00%

Penalty Kill

Admirals - 2 on 2 Attempt(s) - 100.00% - Score 0 goal in Penalty Kill
Pirates - 4 on 4 Attempt(s) - 100.00% - Score 0 goal in Penalty Kill

Official

Referees : Unknown
Linesman : Unknown

Game Notes

13:55 of 2nd period - Admirals goal is going for a video replay. After video review, No Goal. The puck has been directed, batted or thrown into the net by an attacking player other than with a stick.
David LeNeveu is injured at 18:41 of 3rd period (Sprained Left Finger)
Brad Thiessen enters game at 18:41 of 3rd period

Finance

Level 1 -- Attendance: 1532 (76.60%) -- Ticket Income $53,620
Level 2 -- Attendance: 728 (72.80%) -- Ticket Income $10,920
Total Attendance: 2260 (75.33%)
Total Ticket Income: $64,540
Other Income: $31,625
Total Income: $96,165

Admirals

5 vs 5 Forward 
   Center                   Left Wing                Right Wing               Time % Phy DF OF 
 1 Carter Camper            Jonathan Marchessault    Keith Aucoin             35     1   2  2  
 2 Mike Zigomanis           Jean-Gabriel Pageau      Carter Ashton            30     1   2  2  
 3 Carter Camper            Darryl Boyce             Mike Sislo               22     1   2  2  
 4 Ryan Bourque             Jonathan Marchessault    Jean-Gabriel Pageau      13     1   2  2  

5 vs 5 Defense 
   Defense                  Defense                                           Time % Phy DF OF 
 1 Alex Grant               Bryan Rodney                                      35     1   2  2  
 2 Cade Fairchild           Scott Ford                                        30     1   2  2  
 3 Alex Grant               Farm Player2                                      22     1   2  2  
 4 Alex Grant               Bryan Rodney                                      13     1   2  2  

PowerPlay Forward 
   Center                   Left Wing                Right Wing               Time % Phy DF OF 
 1 Jean-Gabriel Pageau      Jonathan Marchessault    Keith Aucoin             60     1   2  2  
 2 Mike Zigomanis           Carter Camper            Carter Ashton            40     1   2  2  

PowerPlay Defense
   Defense                  Defense                                           Time % Phy DF OF 
 1 Alex Grant               Bryan Rodney                                      60     1   2  2  
 2 Cade Fairchild           Scott Ford                                        40     1   2  2  

Penalty Kill 4 Players Forward 
   Center                   Wing                     Time % Phy DF OF 
 1 Jonathan Marchessault    Carter Camper            60     1   2  2  
 2 Mike Zigomanis           Jean-Gabriel Pageau      40     1   2  2  

Penalty Kill 4 Players Defense
   Defense                  Defense                  Time % Phy DF OF 
 1 Alex Grant               Bryan Rodney             60     1   2  2  
 2 Cade Fairchild           Scott Ford               40     1   2  2  

Penalty Kill - 3 Players Forward 
   Forward                                           Time % Phy DF OF 
 1 Jonathan Marchessault                             60     1   2  2  
 2 Carter Camper                                     40     1   2  2  

Penalty Kill - 3 Players Defense
   Defense                  Defense                  Time % Phy DF OF 
 1 Alex Grant               Bryan Rodney             60     1   2  2  
 2 Cade Fairchild           Scott Ford               40     1   2  2  

4 vs 4 Forward 
   Center                   Wing                     Time % Phy DF OF 
 1 Jonathan Marchessault    Carter Camper            60     1   2  2  
 2 Mike Zigomanis           Jean-Gabriel Pageau      40     1   2  2  

4 vs 4 Defense
   Defense                  Defense                  Time % Phy DF OF 
 1 Alex Grant               Bryan Rodney             60     1   2  2  
 2 Cade Fairchild           Scott Ford               40     1   2  2  

Last Minutes Offensive
   Center                   Left Wing                Right Wing               Defense                  Defense                  
   Jean-Gabriel Pageau      Jonathan Marchessault    Keith Aucoin             Alex Grant               Bryan Rodney             

Last Minutes Defensive
   Center                   Left Wing                Right Wing               Defense                  Defense                  
   Jean-Gabriel Pageau      Jonathan Marchessault    Keith Aucoin             Alex Grant               Bryan Rodney             

Goaltenders
Starting : David LeNeveu            
Backup : Brad Thiessen            

Extra Forwards
Normal : Carter Camper, Darryl Boyce, Ryan Bourque - PP : Carter Camper, Darryl Boyce - PK : Ryan Bourque
Extra Defensemen
Normal : Alex Grant, Farm Player2, Cade Fairchild - PP : Alex Grant - PK : Farm Player2, Cade Fairchild
Penalty Shots
Jonathan Marchessault, Jean-Gabriel Pageau, Mike Zigomanis, Darryl Boyce, Carter Camper

Pirates

5 vs 5 Forward 
   Center                   Left Wing                Right Wing               Time % Phy DF OF 
 1 Gilbert Brule            Markus Granlund          Bobby Butler             35     1   2  2  
 2 Tobias Rieder            Eric Tangradi            Brandon Segal            30     1   2  2  
 3 Markus Granlund          Nick Johnson             Bobby Butler             22     1   2  2  
 4 Peter Holland            Ryan Stoa                Gilbert Brule            13     1   2  2  

5 vs 5 Defense 
   Defense                  Defense                                           Time % Phy DF OF 
 1 Hal Gill                 Mike Komisarek                                    35     1   2  2  
 2 Aaron Rome               Andrew Alberts                                    30     1   2  2  
 3 Henrik Tommernes         Vincent LoVerde                                   22     1   2  2  
 4 Hal Gill                 Mike Komisarek                                    13     1   2  2  

PowerPlay Forward 
   Center                   Left Wing                Right Wing               Time % Phy DF OF 
 1 Gilbert Brule            Markus Granlund          Bobby Butler             60     1   2  2  
 2 Nick Johnson             Eric Tangradi            Brandon Segal            40     1   2  2  

PowerPlay Defense
   Defense                  Defense                                           Time % Phy DF OF 
 1 Hal Gill                 Mike Komisarek                                    60     1   2  2  
 2 Aaron Rome               Andrew Alberts                                    40     1   2  2  

Penalty Kill 4 Players Forward 
   Center                   Wing                     Time % Phy DF OF 
 1 Bobby Butler             Gilbert Brule            60     1   2  2  
 2 Brandon Segal            Markus Granlund          40     1   2  2  

Penalty Kill 4 Players Defense
   Defense                  Defense                  Time % Phy DF OF 
 1 Hal Gill                 Mike Komisarek           60     1   2  2  
 2 Aaron Rome               Andrew Alberts           40     1   2  2  

Penalty Kill - 3 Players Forward 
   Forward                                           Time % Phy DF OF 
 1 Bobby Butler                                      60     1   2  2  
 2 Gilbert Brule                                     40     1   2  2  

Penalty Kill - 3 Players Defense
   Defense                  Defense                  Time % Phy DF OF 
 1 Hal Gill                 Mike Komisarek           60     1   2  2  
 2 Aaron Rome               Andrew Alberts           40     1   2  2  

4 vs 4 Forward 
   Center                   Wing                     Time % Phy DF OF 
 1 Bobby Butler             Gilbert Brule            60     1   2  2  
 2 Ryan Stoa                Markus Granlund          40     1   2  2  

4 vs 4 Defense
   Defense                  Defense                  Time % Phy DF OF 
 1 Hal Gill                 Mike Komisarek           60     1   2  2  
 2 Aaron Rome               Andrew Alberts           40     1   2  2  

Last Minutes Offensive
   Center                   Left Wing                Right Wing               Defense                  Defense                  
   Gilbert Brule            Markus Granlund          Bobby Butler             Hal Gill                 Mike Komisarek           

Last Minutes Defensive
   Center                   Left Wing                Right Wing               Defense                  Defense                  
   Gilbert Brule            Markus Granlund          Bobby Butler             Hal Gill                 Mike Komisarek           

Goaltenders
Starting : Malcolm Subban           
Backup : Mike McKenna             

Extra Forwards
Normal : Peter Holland, Nick Johnson, Ryan Stoa - PP : Peter Holland, Nick Johnson - PK : Ryan Stoa
Extra Defensemen
Normal : Henrik Tommernes, Vincent LoVerde, Aaron Rome - PP : Henrik Tommernes - PK : Vincent LoVerde, Aaron Rome
Penalty Shots
Bobby Butler, Gilbert Brule, Peter Holland, Markus Granlund, Brandon Segal

% Time on Ice - Admirals

Lines # - Real PCT - Wanted PCT - Time Play
Normal Forward
1 - 30% - 35% - 14:24
2 - 29% - 30% - 13:51
3 - 28% - 22% - 13:11
4 - 13% - 13% - 6:03
Normal Defense
1 - 35% - 35% - 16:37
2 - 38% - 30% - 17:54
3 - 22% - 22% - 10:21
4 - 6% - 13% - 2:37
PP Forward
1 - 58% - 60% - 4:35
2 - 42% - 40% - 3:21
PP Defense
1 - 57% - 60% - 4:33
2 - 43% - 40% - 3:23
PK Forward
1 - 81% - 60% - 3:12
2 - 19% - 40% - 0:46
PK Defense
1 - 52% - 60% - 2:04
2 - 48% - 40% - 1:54
PK3 Forward
1 - 0% - 60%
2 - 0% - 40%
PK3 Defense
1 - 0% - 60%
2 - 0% - 40%
44 Forward
1 - 0% - 60%
2 - 0% - 40%
44 Defense
1 - 0% - 60%
2 - 0% - 40%
Last Minute Offensive  - 0:37
Last Minute Defensive  - 0:00
Total
Forward - 60:00
Defense - 60:00

% Time on Ice - Pirates

Lines # - Real PCT - Wanted PCT - Time Play
Normal Forward
1 - 15% - 35% - 7:17
2 - 37% - 30% - 17:37
3 - 24% - 22% - 11:12
4 - 24% - 13% - 11:29
Normal Defense
1 - 30% - 35% - 14:03
2 - 34% - 30% - 16:14
3 - 31% - 22% - 14:47
4 - 5% - 13% - 2:31
PP Forward
1 - 45% - 60% - 1:46
2 - 55% - 40% - 2:12
PP Defense
1 - 50% - 60% - 1:59
2 - 50% - 40% - 1:59
PK Forward
1 - 92% - 60% - 7:18
2 - 8% - 40% - 0:38
PK Defense
1 - 57% - 60% - 4:32
2 - 43% - 40% - 3:24
PK3 Forward
1 - 0% - 60%
2 - 0% - 40%
PK3 Defense
1 - 0% - 60%
2 - 0% - 40%
44 Forward
1 - 0% - 60%
2 - 0% - 40%
44 Defense
1 - 0% - 60%
2 - 0% - 40%
Last Minute Offensive  - 0:00
Last Minute Defensive  - 0:31
Total
Forward - 60:00
Defense - 60:00

Play by Play

1st period


0:01 of 1st period - Gilbert Brule wins face-off versus Carter Camper in neutral zone.
0:32 of 1st period - Snap shot by Jonathan Marchessault.
0:32 of 1st period - Stopped by Malcolm Subban with a rebound.
0:34 of 1st period - Snap shot by Carter Camper.
0:34 of 1st period - Shot Blocked by Gilbert Brule.
0:36 of 1st period - Snap shot by Keith Aucoin.
0:36 of 1st period - Stopped by Malcolm Subban without a rebound.
0:37 of 1st period - Mike Zigomanis wins face-off versus Brandon Segal in Pirates zone.
0:40 of 1st period - Snap shot by Carter Ashton.
0:40 of 1st period - Stopped by Malcolm Subban without a rebound.
0:41 of 1st period - Tobias Rieder wins face-off versus Mike Zigomanis in Pirates zone.
1:36 of 1st period - Carter Camper is hit by Bobby Butler and loses puck.
2:23 of 1st period - Ryan Stoa is hit by Bryan Rodney.
2:37 of 1st period - Ryan Stoa is hit by Jonathan Marchessault and loses puck.
3:40 of 1st period - Cade Fairchild is hit by Henrik Tommernes.
4:01 of 1st period - Icing by Gilbert Brule.
4:02 of 1st period - Gilbert Brule wins face-off versus Carter Camper in Pirates zone.
5:16 of 1st period - Keith Aucoin is hit by Markus Granlund and loses puck.
5:37 of 1st period - Snap shot by Eric Tangradi.
5:37 of 1st period - Shot Blocked by Alex Grant.
6:05 of 1st period - Bryan Rodney is hit by Peter Holland and loses puck.
6:36 of 1st period - Minor Penalty to Darryl Boyce for Boarding.
6:37 of 1st period - Nick Johnson wins face-off versus Ryan Bourque in Admirals zone.
7:28 of 1st period - Cade Fairchild is hit by Markus Granlund.
7:53 of 1st period - Icing by Mike Komisarek.
7:54 of 1st period - Nick Johnson wins face-off versus Farm Player2 in Pirates zone.
8:36 of 1st period - Penalty to Darryl Boyce is over, Darryl Boyce is back on ice.
8:51 of 1st period - Snap shot by Peter Holland.
8:51 of 1st period - Shot Misses the Net.
10:17 of 1st period - Jonathan Marchessault is hit by Bobby Butler and loses puck.
10:28 of 1st period - Wrist shot by Tobias Rieder.
10:28 of 1st period - Shot Misses the Net.
10:30 of 1st period - Wrist shot by Arron Asham.
10:30 of 1st period - Stopped by David LeNeveu with a rebound.
10:34 of 1st period - Wrist shot by Tobias Rieder.
10:34 of 1st period - Stopped by David LeNeveu with a rebound.
10:58 of 1st period - Wrist shot by Mike Sislo.
10:58 of 1st period - Shot Misses the Net.
11:00 of 1st period - Slapshot by Carter Camper.
11:00 of 1st period - Shot Blocked by Mike Komisarek.
11:02 of 1st period - Slapshot by Carter Camper.
11:02 of 1st period - Stopped by Malcolm Subban without a rebound.
11:03 of 1st period - Peter Holland wins face-off versus Carter Camper in Pirates zone.
11:21 of 1st period - Cade Fairchild is hit by Markus Granlund and loses puck.
11:41 of 1st period - Snap shot by Darryl Boyce.
11:41 of 1st period - Deflect By Andrew Alberts.
11:41 of 1st period - Shot Blocked by Andrew Alberts.
11:41 of 1st period - Puck is out of play.
11:42 of 1st period - Brandon Segal wins face-off versus Farm Player2 in Pirates zone.
12:20 of 1st period - Minor Penalty to Andrew Alberts for Interference.
12:21 of 1st period - Bobby Butler wins face-off versus Jean-Gabriel Pageau in Pirates zone.
12:49 of 1st period - Hal Gill is hit by Mike Zigomanis.
14:20 of 1st period - Penalty to Andrew Alberts is over, Andrew Alberts is back on ice.
14:31 of 1st period - Wrist shot by Carter Ashton.
14:31 of 1st period - Stopped by Malcolm Subban with a rebound.
14:59 of 1st period - Slapshot by Mike Komisarek.
14:59 of 1st period - Shot Misses the Net.
15:01 of 1st period - Slapshot by Hal Gill.
15:01 of 1st period - Deflect By Brandon Segal.
15:01 of 1st period - Shot Misses the Net.
15:01 of 1st period - Puck is out of play.
15:02 of 1st period - Tobias Rieder wins face-off versus Ryan Bourque in Admirals zone.
15:31 of 1st period - Keith Aucoin is hit by Markus Granlund and loses puck.
16:44 of 1st period - Snap shot by Jonathan Marchessault.
16:44 of 1st period - Stopped by Malcolm Subban without a rebound.
16:45 of 1st period - Keith Aucoin wins face-off versus Peter Holland in Pirates zone.
17:50 of 1st period - Jonathan Marchessault is hit by Andrew Alberts and loses puck.
18:09 of 1st period - Jean-Gabriel Pageau is hit by Brandon Segal and loses puck.
18:28 of 1st period - Wrist shot by Bobby Butler.
18:28 of 1st period - Deflect By Jean-Gabriel Pageau.
18:28 of 1st period - Shot Misses the Net.
18:28 of 1st period - Puck is out of play.
18:29 of 1st period - Markus Granlund wins face-off versus Mike Zigomanis in Admirals zone.
18:32 of 1st period - Snap shot by Markus Granlund.
18:32 of 1st period - Shot Misses the Net.
18:42 of 1st period - Markus Granlund is hit by Darryl Boyce and loses puck.
18:47 of 1st period - Wrist shot by Mike Sislo.
18:47 of 1st period - Deflect By Nick Johnson.
18:47 of 1st period - Shot Misses the Net.
18:47 of 1st period - Puck is out of play.
18:48 of 1st period - Peter Holland wins face-off versus Mike Zigomanis in Pirates zone.
19:00 of 1st period - Wrist shot by Peter Holland.
19:00 of 1st period - Deflect By Bryan Rodney.
19:00 of 1st period - Stopped by David LeNeveu with a rebound.
19:39 of 1st period - Jonathan Marchessault is hit by Markus Granlund and loses puck.
Goals for this period are 0 for Admirals vs 0 for Pirates.
Shots for this period are 6 for Admirals vs 3 for Pirates.

2nd period


0:01 of 2nd period - Carter Camper wins face-off versus Gilbert Brule in neutral zone.
0:45 of 2nd period - Icing by Hal Gill.
0:46 of 2nd period - Gilbert Brule wins face-off versus Mike Zigomanis in Pirates zone.
0:58 of 2nd period - Off-side.
0:59 of 2nd period - Mike Zigomanis wins face-off versus Tobias Rieder in neutral zone.
1:02 of 2nd period - Eric Tangradi is hit by Cade Fairchild and loses puck.
1:09 of 2nd period - Snap shot by Mike Zigomanis.
1:09 of 2nd period - Shot Misses the Net.
1:11 of 2nd period - Wrist shot by Jean-Gabriel Pageau.
1:11 of 2nd period - Stopped by Malcolm Subban without a rebound.
1:12 of 2nd period - Tobias Rieder wins face-off versus Carter Camper in Pirates zone.
1:54 of 2nd period - Aaron Rome is hit by Darryl Boyce and loses puck.
2:17 of 2nd period - Slapshot by Jean-Gabriel Pageau.
2:17 of 2nd period - Stopped by Malcolm Subban with a rebound.
2:19 of 2nd period - Slapshot by Cade Fairchild.
2:19 of 2nd period - Deflect By Hal Gill.
2:19 of 2nd period - Stopped by Malcolm Subban without a rebound.
2:20 of 2nd period - Ryan Bourque wins face-off versus Gilbert Brule in Pirates zone.
2:36 of 2nd period - Minor Penalty to Gilbert Brule for Holding.
2:37 of 2nd period - Bobby Butler wins face-off versus Jean-Gabriel Pageau in Pirates zone.
2:45 of 2nd period - Bobby Butler is hit by Alex Grant.
3:33 of 2nd period - Wrist shot by Carter Ashton.
3:33 of 2nd period - Shot Misses the Net.
3:35 of 2nd period - Slapshot by Cade Fairchild.
3:35 of 2nd period - Shot Misses the Net.
3:37 of 2nd period - Wrist shot by Carter Camper.
3:37 of 2nd period - Deflect By Carter Ashton.
3:37 of 2nd period - Shot Misses the Net.
3:37 of 2nd period - Puck is out of play.
3:38 of 2nd period - Bobby Butler wins face-off versus Carter Ashton in Pirates zone.
3:59 of 2nd period - Snap shot by Carter Ashton.
3:59 of 2nd period - Deflect By Mike Zigomanis.
3:59 of 2nd period - Shot Misses the Net.
3:59 of 2nd period - Puck is out of play.
4:00 of 2nd period - Bobby Butler wins face-off versus Jean-Gabriel Pageau in Pirates zone.
4:36 of 2nd period - Penalty to Gilbert Brule is over, Gilbert Brule is back on ice.
4:42 of 2nd period - Snap shot by Carter Ashton.
4:42 of 2nd period - Shot Blocked by Gilbert Brule.
5:04 of 2nd period - Slapshot by Darryl Boyce.
5:04 of 2nd period - Shot Misses the Net.
5:06 of 2nd period - Snap shot by Mike Sislo.
5:06 of 2nd period - Stopped by Malcolm Subban with a rebound.
5:30 of 2nd period - Wrist shot by Jean-Gabriel Pageau.
5:30 of 2nd period - Stopped by Malcolm Subban without a rebound.
5:31 of 2nd period - Ryan Bourque wins face-off versus Tobias Rieder in Pirates zone.
5:34 of 2nd period - Wrist shot by Jean-Gabriel Pageau.
5:34 of 2nd period - Shot Blocked by Brandon Segal.
6:32 of 2nd period - Mike Zigomanis is hit by Eric Tangradi and loses puck.
6:45 of 2nd period - Snap shot by Peter Holland.
6:45 of 2nd period - Stopped by David LeNeveu with a rebound.
7:01 of 2nd period - Slapshot by Nick Johnson.
7:01 of 2nd period - Shot Misses the Net.
7:27 of 2nd period - Wrist shot by Markus Granlund.
7:27 of 2nd period - Shot Misses the Net.
7:45 of 2nd period - Cade Fairchild is hit by Eric Tangradi and loses puck.
7:50 of 2nd period - Snap shot by Tobias Rieder.
7:50 of 2nd period - Deflect By Brandon Segal.
7:50 of 2nd period - Stopped by David LeNeveu with a rebound.
7:58 of 2nd period - Andrew Alberts is hit by Ryan Bourque and loses puck.
9:29 of 2nd period - Icing by Alex Grant.
9:30 of 2nd period - Ryan Bourque wins face-off versus Markus Granlund in Admirals zone.
9:41 of 2nd period - Cade Fairchild is hit by Henrik Tommernes and loses puck.
9:50 of 2nd period - Minor Penalty to Jean-Gabriel Pageau for Hooking.
9:51 of 2nd period - Nick Johnson wins face-off versus Jonathan Marchessault in Admirals zone.
10:19 of 2nd period - Off-side.
10:20 of 2nd period - Gilbert Brule wins face-off versus Ryan Bourque in neutral zone.
11:45 of 2nd period - Slapshot by Eric Tangradi.
11:45 of 2nd period - Stopped by David LeNeveu with a rebound.
11:47 of 2nd period - Slapshot by Nick Johnson.
11:47 of 2nd period - Shot Misses the Net.
11:49 of 2nd period - Snap shot by Hal Gill.
11:49 of 2nd period - Shot Misses the Net.
11:50 of 2nd period - Penalty to Jean-Gabriel Pageau is over, Jean-Gabriel Pageau is back on ice.
11:51 of 2nd period - Slapshot by Hal Gill.
11:51 of 2nd period - Shot Misses the Net.
11:58 of 2nd period - Icing by Mike Zigomanis.
11:59 of 2nd period - Peter Holland wins face-off versus Jean-Gabriel Pageau in Admirals zone.
13:09 of 2nd period - Jean-Gabriel Pageau is hit by Eric Tangradi and loses puck.
13:28 of 2nd period - Snap shot by Peter Holland.
13:28 of 2nd period - Shot Blocked by Alex Grant.
13:30 of 2nd period - Slapshot by Mike Komisarek.
13:30 of 2nd period - Goal by Mike Komisarek - Admirals : 0 - Pirates : 1.
13:31 of 2nd period - Markus Granlund wins face-off versus Carter Camper in neutral zone.
13:53 of 2nd period - Wrist shot by Darryl Boyce.
13:53 of 2nd period - Shot Misses the Net.
13:55 of 2nd period - Snap shot by Mike Sislo.
13:55 of 2nd period - Admirals goal is going for a video replay.
13:55 of 2nd period - The goal is refused. The puck has been directed, batted or thrown into the net by an attacking player other than with a stick..
13:56 of 2nd period - Carter Camper wins face-off versus Peter Holland in Pirates zone.
13:59 of 2nd period - Snap shot by Jonathan Marchessault.
13:59 of 2nd period - Stopped by Malcolm Subban without a rebound.
14:00 of 2nd period - Peter Holland wins face-off versus Carter Camper in Pirates zone.
15:11 of 2nd period - Slapshot by Brandon Segal.
15:11 of 2nd period - Stopped by David LeNeveu with a rebound.
15:13 of 2nd period - Slapshot by Hal Gill.
15:13 of 2nd period - Stopped by David LeNeveu with a rebound.
15:15 of 2nd period - Wrist shot by Hal Gill.
15:15 of 2nd period - Stopped by David LeNeveu without a rebound.
15:16 of 2nd period - Ryan Bourque wins face-off versus Tobias Rieder in Admirals zone.
15:23 of 2nd period - Eric Tangradi is hit by Jonathan Marchessault and loses puck.
15:36 of 2nd period - Snap shot by Brandon Segal.
15:36 of 2nd period - Shot Misses the Net.
15:42 of 2nd period - Henrik Tommernes is hit by Jonathan Marchessault and loses puck.
16:24 of 2nd period - Hal Gill is hit by Scott Ford and loses puck.
17:24 of 2nd period - Andrew Alberts is hit by Jonathan Marchessault and loses puck.
17:31 of 2nd period - Jonathan Marchessault is hit by Aaron Rome and loses puck.
17:45 of 2nd period - Snap shot by Brandon Segal.
17:45 of 2nd period - Deflect By Jonathan Marchessault.
17:45 of 2nd period - Stopped by David LeNeveu without a rebound.
17:46 of 2nd period - Tobias Rieder wins face-off versus Mike Zigomanis in Admirals zone.
17:53 of 2nd period - Wrist shot by Eric Tangradi.
17:53 of 2nd period - Stopped by David LeNeveu without a rebound.
17:54 of 2nd period - Mike Zigomanis wins face-off versus Tobias Rieder in Admirals zone.
18:10 of 2nd period - Snap shot by Jean-Gabriel Pageau.
18:10 of 2nd period - Stopped by Malcolm Subban with a rebound.
19:26 of 2nd period - Minor Penalty to Ryan Stoa for Hooking.
19:27 of 2nd period - Bobby Butler wins face-off versus Mike Zigomanis in Pirates zone.
Goals for this period are 0 for Admirals vs 1 for Pirates.
Shots for this period are 8 for Admirals vs 9 for Pirates.

3rd period


0:01 of 3rd period - Jean-Gabriel Pageau wins face-off versus Bobby Butler in neutral zone.
0:38 of 3rd period - Wrist shot by Bobby Butler.
0:38 of 3rd period - Shot Misses the Net.
1:26 of 3rd period - Penalty to Ryan Stoa is over, Ryan Stoa is back on ice.
3:29 of 3rd period - Snap shot by Gilbert Brule.
3:29 of 3rd period - Stopped by David LeNeveu with a rebound.
3:31 of 3rd period - Wrist shot by Ryan Stoa.
3:31 of 3rd period - Stopped by David LeNeveu with a rebound.
4:27 of 3rd period - Wrist shot by Gilbert Brule.
4:27 of 3rd period - Shot Misses the Net.
4:39 of 3rd period - Keith Aucoin is hit by Brandon Segal and loses puck.
4:52 of 3rd period - Wrist shot by Keith Aucoin.
4:52 of 3rd period - Stopped by Malcolm Subban without a rebound.
4:53 of 3rd period - Tobias Rieder wins face-off versus Ryan Bourque in Pirates zone.
5:06 of 3rd period - Hal Gill is hit by Alex Grant and loses puck.
5:13 of 3rd period - Nick Johnson is hit by Mike Zigomanis.
6:03 of 3rd period - Bryan Rodney is hit by Tobias Rieder.
6:52 of 3rd period - Andrew Alberts is hit by Carter Camper and loses puck.
7:23 of 3rd period - Aaron Rome is hit by Ryan Bourque and loses puck.
7:53 of 3rd period - Icing by Cade Fairchild.
7:54 of 3rd period - Markus Granlund wins face-off versus Mike Zigomanis in Admirals zone.
8:23 of 3rd period - Ryan Stoa is hit by Keith Aucoin.
8:32 of 3rd period - Off-side.
8:33 of 3rd period - Tobias Rieder wins face-off versus Farm Player2 in neutral zone.
9:04 of 3rd period - Slapshot by Darryl Boyce.
9:04 of 3rd period - Shot Misses the Net.
9:06 of 3rd period - Wrist shot by Carter Camper.
9:06 of 3rd period - Stopped by Malcolm Subban without a rebound.
9:07 of 3rd period - Carter Camper wins face-off versus Markus Granlund in Pirates zone.
9:42 of 3rd period - Wrist shot by Gilbert Brule.
9:42 of 3rd period - Shot Misses the Net.
10:28 of 3rd period - Wrist shot by Keith Aucoin.
10:28 of 3rd period - Shot Blocked by Aaron Rome.
10:30 of 3rd period - Slapshot by Jonathan Marchessault.
10:30 of 3rd period - Shot Misses the Net.
10:32 of 3rd period - Slapshot by Cade Fairchild.
10:32 of 3rd period - Stopped by Malcolm Subban with a rebound.
10:57 of 3rd period - Wrist shot by Mike Sislo.
10:57 of 3rd period - Shot Misses the Net.
11:03 of 3rd period - Minor Penalty to Andrew Alberts for Hooking.
11:04 of 3rd period - Bobby Butler wins face-off versus Jonathan Marchessault in Pirates zone.
11:04 of 3rd period - Bobby Butler is hit by Cade Fairchild.
12:14 of 3rd period - Snap shot by Ryan Stoa.
12:14 of 3rd period - Stopped by David LeNeveu with a rebound.
12:16 of 3rd period - Slapshot by Aaron Rome.
12:16 of 3rd period - Shot Blocked by Alex Grant.
12:18 of 3rd period - Snap shot by Ryan Stoa.
12:18 of 3rd period - Shot Misses the Net.
12:24 of 3rd period - Arron Asham is hit by Bryan Rodney and loses puck.
13:03 of 3rd period - Penalty to Andrew Alberts is over, Andrew Alberts is back on ice.
13:19 of 3rd period - Wrist shot by Darryl Boyce.
13:19 of 3rd period - Shot Blocked by Vincent LoVerde.
13:37 of 3rd period - Backhand shot by Markus Granlund.
13:37 of 3rd period - Stopped by David LeNeveu with a rebound.
13:39 of 3rd period - Slapshot by Nick Johnson.
13:39 of 3rd period - Shot Blocked by Carter Camper.
13:41 of 3rd period - Wrist shot by Nick Johnson.
13:41 of 3rd period - Shot Misses the Net.
15:21 of 3rd period - Tobias Rieder is hit by Cade Fairchild and loses puck.
16:07 of 3rd period - Alex Grant is hit by Markus Granlund and loses puck.
17:06 of 3rd period - Snap shot by Keith Aucoin.
17:06 of 3rd period - Shot Misses the Net.
17:53 of 3rd period - Off-side.
17:54 of 3rd period - Gilbert Brule wins face-off versus Jonathan Marchessault in neutral zone.
18:22 of 3rd period - Jonathan Marchessault is hit by Tobias Rieder and loses puck.
18:41 of 3rd period - Slapshot by Mike Komisarek.
18:41 of 3rd period - Deflect By Gilbert Brule.
18:41 of 3rd period - Stopped by David LeNeveu with a rebound.
18:41 of 3rd period - David LeNeveu from Admirals is injured at 18:41 of 3rd period (Sprained Left Finger).
18:41 of 3rd period - Brad Thiessen enters game.
18:42 of 3rd period - Carter Camper wins face-off versus Gilbert Brule in Admirals zone.
18:42 of 3rd period - Carter Camper is hit by Markus Granlund.
18:50 of 3rd period - Markus Granlund is hit by Jonathan Marchessault and loses puck.
19:01 of 3rd period - Admirals, Brad Thiessen is pulled from the net.
19:37 of 3rd period - Bobby Butler is hit by Jean-Gabriel Pageau and loses puck.
Goals for this period are 0 for Admirals vs 0 for Pirates.
Shots for this period are 3 for Admirals vs 5 for Pirates.


Output by the SimonT Hockey Simulator (STHS) for Eric Dolegowski -- Original Page W3C XHTML 1.0 Valid
Hockey Simulator - Hockey Simulation - Hockey Manager